 Dungeon Crawl Stone Soup version 0.31-a0-145-g046c7d2549 (webtiles) character file.

Game seed: 5882924084647726954

74296 Esekla the Carver (level 15, -1/105 HPs)
             Began as an Octopode Delver on June 4, 2023.
             Was an Initiate of Gozag.
             Killed by divine providence
             ... invoked by Saint Roka
              (15 damage)
             ... on level 2 of the Orcish Mines on June 5, 2023.
             The game lasted 03:23:29 (27747 turns).

Esekla the Carver (Octopode Delver)                Turns: 27747, Time: 03:23:30

Health: -1/105     AC:  7    Str: 11    XL:     15   Next: 46%
Magic:  30/37      EV: 20    Int: 25    God:    Gozag
Gold:   1187       SH:  9    Dex: 20    Spells: 5/32 levels left

rFire   + + .        a - +8 long sword "Cookie Cutter" {drain, rElec Dex+2 Stlth+}
rCold   + + .        Q - +3 buckler {reflect}
rNeg    + . .        D - +2 hat
rPois   +            O - amulet of Mom Kyir {RegenMP rF- Regen+ SInv Stlth+}
rElec   +            V - ring of wizardry
rCorr   .            Y - +6 ring of intelligence
SInv    +            S - +4 ring of slaying
Will    +++..        B - ring of the Catamount {Contam rF++ Will+}
Stlth   ++++++++     x - ring "Uzxedide" {rC+ Will+ MP+9 Str-3}
HPRegen 1.17/turn    t - ring "Xaedoeg" {rF+ rC+ rN+ Stlth+}
MPRegen 0.65/turn    L - +4 ring of protection
                     R - ring of Yraubi {rPois Str+3 Dex+3}

%: reflection, wizardry (x1)
@: gold aura, very slightly contaminated
A: almost no armour, amphibious, 8 rings, camouflage 1, gelatinous body 1,
(nimble swimmer 1), tentacles
a: Renounce Religion, Potion Petition, Call Merchant, Bribe Branch


You were on level 2 of the Orcish Mines.
You worshipped Gozag.
Gozag was most pleased with you.
You visited 4 branches of the dungeon, and saw 20 of its levels.
You also visited: Sewer, Ossuary, Ice Cave and Volcano.

You collected 8340 gold pieces.
You spent 4526 gold pieces at shops.
You paid 2627 gold pieces to Gozag.

Inventory:

Hand Weapons
 a - the +8 long sword "Cookie Cutter" (weapon) {drain, rElec Dex+2 Stlth+}
   (You found it on level 3 of the Lair of Beasts)

   Dex:       It affects your dexterity (+2).
   rElec:     It insulates you from electricity.
   Stlth:     It makes you more stealthy.
 f - a +4 scimitar of flaming
 r - the +7 trident "Ogrebane" {heavy, Dex+5}
   (You found it on level 3 of the Lair of Beasts)

   Dex:       It affects your dexterity (+5).
 s - a +3 vampiric dagger
 A - a +5 long sword
 F - a +4 long sword
Missiles
 y - 25 poisoned darts (quivered)
 E - 11 curare-tipped darts
 G - 3 javelins
Armour
 D - a +2 hat (worn)
 Q - a +3 buckler of reflection (worn)
Jewellery
 m - a ring of protection from cold
 p - a ring of resist corrosion
 q - a ring of protection from fire
 t - the ring "Xaedoeg" (on tentacle) {rF+ rC+ rN+ Stlth+}
   (You found it on level 6 of the Dungeon)

   [ring of positive energy]

   rF:        It protects you from fire.
   rC:        It protects you from cold.
   rN:        It protects you from negative energy.
   Stlth:     It makes you more stealthy.
 x - the ring "Uzxedide" (on tentacle) {rC+ Will+ MP+9 Str-3}
   (You bought it in a shop on level 4 of the Dungeon)

   [ring of magical power]

   Str:       It affects your strength (-3).
   rC:        It protects you from cold.
   MP:        It affects your magic capacity (+9).
   Will:      It increases your willpower.
 B - the ring of the Catamount (on tentacle) {Contam rF++ Will+}
   (You bought it in a shop on level 4 of the Dungeon)

   [ring of willpower]

   rF:        It greatly protects you from fire.
   Contam:    It causes magical contamination when unequipped.
   Will:      It increases your willpower.
 L - a +4 ring of protection (on tentacle)
 O - the amulet of Mom Kyir (around mantle) {RegenMP rF- Regen+ SInv Stlth+}
   (You bought it in a shop on level 4 of the Dungeon)

   [amulet of magic regeneration]

   It increases your rate of magic regeneration.
   rF:        It makes you vulnerable to fire.
   SInv:      It lets you see invisible.
   Regen:     It increases your rate of health regeneration.
   Stlth:     It makes you more stealthy.
 R - the ring of Yraubi (on tentacle) {rPois Str+3 Dex+3}
   (You bought it in a shop on level 6 of the Dungeon)

   [ring of poison resistance]

   Str:       It affects your strength (+3).
   Dex:       It affects your dexterity (+3).
   rPois:     It protects you from poison.
 S - a +4 ring of slaying (on tentacle)
 V - a ring of wizardry (left tentacle)
 W - a ring of flight
 Y - a +6 ring of intelligence (right tentacle)
Wands
 C - a wand of flame (22)
 K - a wand of quicksilver (17)
 T - a wand of iceblast (19)
 Z - a wand of digging (10)
Scrolls
 b - 3 scrolls of fog
 d - 2 scrolls of fear
 g - 5 scrolls of teleportation
 k - 3 scrolls of acquirement
 n - 2 scrolls of enchant weapon
 o - 3 scrolls of silence
 H - 3 scrolls of blinking
 N - 2 scrolls of magic mapping
 P - a scroll of poison
Potions
 c - 15 potions of curing
 e - 6 potions of haste
 h - 5 potions of lignification
 i - 4 potions of resistance
 j - a potion of berserk rage
 l - 5 potions of magic
 u - 11 potions of enlightenment
 v - 2 potions of invisibility
 w - 5 potions of attraction
 z - 3 potions of brilliance
 I - 2 potions of might
 J - 2 potions of cancellation
 U - 2 potions of heal wounds
 X - a potion of ambrosia


   Skills:
 * Level 10.4 Fighting
 + Level 6.2(9.7) Short Blades
 * Level 11.6(12.3) Long Blades
 + Level 3.3 Throwing
 * Level 10.4 Dodging
 - Level 8.0 Stealth
 + Level 6.0 Shields
 * Level 9.3 Spellcasting
 + Level 7.9 Conjurations
 + Level 2.0 Translocations
 + Level 7.3 Transmutations
 + Level 7.4 Fire Magic
 * Level 4.4 Ice Magic
 * Level 3.7 Air Magic
 * Level 3.6 Earth Magic


You had 5 spell levels left.
You knew the following spells:

 Your Spells              Type           Power      Damage    Failure   Level
a - Statue Form           Tmut/Erth      26%        N/A       41%         6
e - Searing Ray           Conj           100%       2d8       1%          2
i - Irradiate             Conj/Tmut      24%        3d19      3%          5
p - Apportation           Tloc           42%        N/A       1%          1
s - Summon Lightning Spi  Summ/Air       20%        N/A       13%         4
y - Sticky Flame          Conj/Fire      50%        2d7       1%          4
z - Freezing Cloud        Conj/Ice/Air   19%        6-21      9%          5

Your spell library contained the following spells:

 Spells                   Type           Power      Damage    Failure   Level
 Magic Dart               Conj           100%       1d8       1%          1
 Ignite Poison            Fire/Tmut/Pois 36%        N/A       1%          3
 Inner Flame              Hex/Fire       30%        N/A       1%          3
 Volatile Blastmotes      Fire/Tloc      70%        2d15      1%          3
 Flame Wave               Conj/Fire      50%        2d12      1%          4
 Cigotuvi's Dreadful Rot  Necr/Pois/Air  34%        N/A       2%          2
 Necrotise                Necr           44%        1d6       3%          1
 Summon Small Mammal      Summ           44%        N/A       3%          1
 Iskenderun's Mystic Bla  Conj/Tloc      36%        2d9       4%          4
 Blade Hands              Tmut           24%        N/A       4%          5
 Fulminant Prism          Conj/Hex       15%        3d10      6%          4
 Leda's Liquefaction      Hex/Erth       10%        N/A       13%         4
 Lee's Rapid Deconstruct  Erth           15%        3d10*     17%         5
 Borgnjor's Vile Clutch   Necr/Erth      10%        N/A       34%         5
 Leda's Unmaking          Conj/Erth      20%        9d4       38%         6
 Dragon Form              Tmut           24%        N/A       73%         7
 Death Channel            Necr           5%         N/A       98%         6
 Animate Armour           Summ/Erth      Unusable   N/A       N/A         4
 Animate Dead             Necr           Unusable   N/A       N/A         4

Dungeon Overview and Level Annotations

Branches:
Dungeon (12/15)            Temple (1/1) D:5            Lair (5/5) D:10
 Shoals (0/4) Lair:3        Snake (0/4) Lair:3        Slime (0/5) Lair:4
    Orc (2/2) D:9           Sewer (visited)         Ossuary (visited)
  IceCv (visited)         Volcano (visited)
    Elf: Orc:2

Altars:
Ashenzari
Cheibriados
Dithmenos
Elyvilon
Fedhas
Gozag
Hepliaklqana
Kikubaaqudgha
Makhleb
Nemelex Xobeh
Okawaru
Qazlal
Ru
Sif Muna
Trog
Uskayaw
Vehumet
Wu Jian
Xom
Yredelemnul
Zin
The Shining One
Jiyva

Shops:
D:4 =   D:5 !   D:6 **=[   D:8 !   D:10 (   D:12 **   Orc:2 (=

Annotations:
D:6 1 runed translucent door, Starbright's ghost, novice OpTm
D:7 2 runed translucent doors, BlasphemerAmon's ghost, novice GnHu
Temple 2 transporters
Lair:2 7 headed hydra
Orc:2 Saint Roka


Innate Abilities, Weirdness & Mutations

You cannot wear most types of armour.
You are amphibious.
You can wear up to eight rings at the same time.
Your skin changes colour to match your surroundings (Stealth+).
Your rubbery body absorbs attacks. (AC +1, EV +1)
((You are camouflaged when in or above water. (Stealth+)))
You have tentacles for arms and can constrict up to eight enemies at once.


Message History

The orc is distracted by your dazzling golden aura.
Saint Roka drinks a potion.
Saint Roka seems to speed up.
The orc wizard struggles to escape constriction.
The orc shouts!
You slice the orc wizard!!
You kill the orc wizard!
The orc is no longer distracted by gold.
The orc warrior burns!
The ogre is distracted by your dazzling golden aura.
The orc warrior hits you with a +0 short sword!
* * * LOW HITPOINT WARNING * * *
The orc warrior is distracted by your dazzling golden aura.
You block the orc's attack. The orc barely misses you.
The orc warrior shouts!
The ogre shouts!
Casting: Sticky Flame (mildly dangerous; 1% risk of failure)
Confirm with . or Enter, or press ? or * to list all spells.
You erupt in a fountain of uncontrolled magic!
The warg is blasted with magical radiation!
The warg is heavily wounded.
The warg twists and deforms.
The orc is blasted with magical radiation!!!
You kill the orc!
The orc warrior is blasted with magical radiation!!
You kill the orc warrior!
The orc is blasted with magical radiation!!
You kill the orc!
The orc is blasted with magical radiation!!
You kill the orc!
You are very lightly contaminated with residual magic.
Saint Roka invokes the aid of Beogh against you.
Beogh smites you!
* * * LOW HITPOINT WARNING * * *
The warg completely misses you.
The orc is distracted by your dazzling golden aura.
The orc wizard gestures wildly while chanting.
The orc wizard flickers and vanishes for a moment.
Saint Roka mumbles some strange prayers to Beogh against you.
Beogh smites you!
You die...
Your body crumbles into a pile of gold.

#.........).........
####..................
##..∩................
##.......<.........#..
#).∩..................
##..............O.....
###.##.........ooo...
####......ho$......
............@$.o....
.............$......$
.....................
................#....
....#................
.....................
.#..................
..................


You could see Saint Roka (fast), a warg (misshapen), an orc warrior (strong), an
ogre, an orc wizard (strong, invisible) and 2 orcs.

Vanquished Creatures
  A stone giant (Volcano)
  An apis (D:12)
  The ghost of Pimp the Fighter, a journeyman DjFE of Makhleb (D:12)
  A fire dragon (Lair:5)
  Harold (D:11)
  3 hydras
  2 centaur warriors (D:12)
  2 death knights (D:12)
  2 ironbound frosthearts (IceCv)
  A catoblepas (D:12)
  4 death yaks
  A two-headed ogre (D:12)
  Urug (D:11)
  A skyshark (Lair:2)
  A skeletal warrior (D:12)
  A swamp dragon (Lair:5)
  A phantasmal warrior (D:12)
  An orc sorcerer (Orc:1)
  2 ugly things
  4 cyclopes
  A salamander (Lair:3)
  An oklob plant (Lair:3)
  11 elephants
  Joseph (D:7)
  An ice statue (IceCv)
  13 black mambas
  A gargoyle (Volcano)
  An unseen horror (D:11)
  15 cane toads
  7 rime drakes
  An efreet (Volcano)
  16 komodo dragons
  A tengu conjurer (D:12)
  3 trolls
  21 polar bears
  4 hornets
  11 blink frogs
  5 raiju (Lair:5)
  3 slime creatures (D:12)
  A centaur simulacrum (D:12)
  A shadow (D:11)
  4 wyverns
  5 fire elementals
  A vampire (D:12)
  55 yaks
  3 wraiths (D:12)
  3 basilisks
  6 fire bats (Volcano)
  3 steam dragons
  10 wargs
  10 vampire mosquitoes
  Menkaure (D:4)
  An acid dragon (Lair:5)
  12 hell hounds (Lair:5)
  14 water moccasins
  2 swamp drakes (Lair:5)
  A sky beast (D:8)
  16 black bears
  12 orc warriors
  4 ogres
  40 wolves
  5 centaurs
  13 bullfrogs
  3 kobold brigands
  An earth elemental (Volcano)
  3 gnoll sergeants
  5 scorpions
  6 wights
  An electric eel (Lair:2)
  2 howler monkeys (D:8)
  11 lava snakes
  6 orc priests
  A jelly (D:6)
  2 hounds
  A gnoll bouda (D:8)
  Ijyb (D:5)
  16 orc wizards
  5 iguanas
  A sleepcap (D:6)
  Natasha (thrice) (D:4)
  A hell rat (D:10)
  Robin (D:2)
  8 mummies (Ossuary)
  19 gnolls
  6 river rats
  16 adders
  A shadow imp (D:5)
  2 ufetubi
  A worm (Sewer)
  A worm (shapeshifter) (D:12)
  A dart slug (D:1)
  41 orcs
  6 endoplasms
  3 giant cockroaches
  2 gnoll zombies (Ossuary)
  14 goblins
  10 hobgoblins
  9 jackals
  14 quokkas
  13 ball pythons
  15 bats
  8 frilled lizards
  2 hobgoblin zombies (Ossuary)
  19 kobolds
  2 kobold zombies (Ossuary)
  2 orc zombies (Ossuary)
  6 rats
663 creatures vanquished.

Notes
Turn   | Place    | Note
-------+----------+-------------------------------------------
     0 | D:5      | Esekla the Octopode Delver began the quest for the Orb.
     0 | D:5      | Reached XP level 1. HP: 16/16 MP: 1/1
    15 | D:5      | Found an ornate altar of the Wu Jian Council.
    54 | D:5      | Reached XP level 2. HP: 19/21 MP: 2/2
   178 | D:5      | Found a staircase to the Ecumenical Temple.
   188 | Temple   | Entered the Ecumenical Temple
   188 | Temple   | Found a transporter.
   188 | Temple   | Found a transporter.
   191 | Temple   | Found a transporter.
   191 | Temple   | Found a transporter.
   223 | D:5      | Found Ynupar's Distillery.
   262 | D:5      | Noticed a scorpion
   305 | D:5      | Reached XP level 3. HP: 19/26 MP: 3/3
   373 | Temple   | Became a worshipper of Gozag Ym Sagoz the Greedy
   494 | D:4      | Noticed Menkaure
   494 | D:4      | Noticed a black bear
   584 | D:4      | Reached skill level 1 in Spellcasting
   584 | D:4      | Reached XP level 4. HP: 17/31 MP: 5/5
   613 | D:4      | Noticed a black bear
   959 | D:2      | Noticed Robin
  1016 | D:2      | Killed Robin
  1254 | D:1      | Reached XP level 5. HP: 35/36 MP: 6/6
  1519 | D:1      | Found a faded altar of an unknown god.
  2967 | D:4      | Reached skill level 3 in Long Blades
  2967 | D:4      | Reached skill level 1 in Conjurations
  2967 | D:4      | Reached skill level 1 in Fire Magic
  2967 | D:4      | Reached XP level 6. HP: 43/43 MP: 8/8
  3109 | D:4      | Killed Menkaure
  3110 | D:4      | Reached skill level 1 in Short Blades
  3119 | D:4      | Killed a black bear
  3120 | D:4      | Reached XP level 7. HP: 19/48 MP: 2/10
  3568 | D:4      | Noticed Natasha
  3571 | D:4      | Killed Natasha
  4130 | D:4      | Noticed Natasha
  4135 | D:4      | Killed Natasha
  4670 | D:5      | Noticed Ijyb
  4707 | D:5      | Bought a potion of degeneration for 13 gold pieces
  4708 | D:5      | Bought a potion of heal wounds for 65 gold pieces
  4708 | D:5      | Bought a potion of might for 52 gold pieces
  4708 | D:5      | Bought a potion of curing for 39 gold pieces
  4745 | D:5      | Killed Ijyb
  4911 | D:4      | Noticed Natasha
  4917 | D:4      | Killed Natasha
  4918 | D:4      | Reached XP level 8. HP: 54/54 MP: 9/11
  5042 | D:6      | Found a runed translucent door.
  5045 | D:6      | Noticed Starbright's ghost (novice OpTm)
  5047 | D:6      | Found a white marble altar of Elyvilon.
  5092 | D:6      | Noticed a hornet
  5113 | D:6      | Paralysed by a hornet for 1 turns
  5116 | D:6      | HP: 2/54 [hornet (12)]
  5118 | D:6      | Killed a hornet
  5119 | D:6      | Reached skill level 4 in Long Blades
  5189 | D:6      | Identified the ring "Xaedoeg" {rF+ rC+ rN+ Stlth+}
  5388 | D:6      | Found Oras's Jewellery Boutique.
  5468 | D:6      | Found a glowing drain.
  5495 | Sewer    | Entered a sewer
  6162 | D:6      | Found Etobuiw's General Store.
  6165 | D:6      | Bought a scroll of identify for 26 gold pieces
  6173 | D:6      | Identified 3 scrolls of acquirement
  6192 | D:6      | Found Gawkiyg's Assorted Antiques.
  6196 | D:6      | Bought a ruby potion for 17 gold pieces
  6287 | D:6      | Learned a level 4 spell: Sticky Flame
  6478 | D:6      | Found Adarapt's Antique Armour Shoppe.
  6544 | D:6      | Found a burning altar of Makhleb.
  6813 | D:7      | Identified the +8 mace of Contention {freeze, rC++}
  6832 | D:7      | Reached XP level 9. HP: 36/60 MP: 9/14
  6858 | D:7      | Found a sand-covered staircase.
  6867 | D:7      | Noticed Joseph
  6883 | Ossuary  | Entered an ossuary
  7112 | Ossuary  | Reached skill level 5 in Fighting
  7346 | D:7      | Killed Joseph
  7590 | D:6      | Bought a +4 ring of protection for 504 gold pieces
  7658 | D:7      | Reached skill level 5 in Long Blades
  7754 | D:7      | Found a large runed translucent door.
  7754 | D:7      | Found a large runed translucent door.
  7755 | D:7      | Noticed BlasphemerAmon's ghost (novice GnHu)
  7870 | D:7      | Reached skill level 5 in Dodging
  7902 | D:7      | Reached skill level 5 in Short Blades
  7905 | D:7      | Found a shimmering blue altar of Sif Muna.
  8409 | D:4      | Bought the amulet of Mom Kyir {RegenMP rF- Regen+ SInv
                  | Stlth+} for 518 gold pieces
  8739 | D:8      | Reached skill level 6 in Long Blades
  8739 | D:8      | Reached XP level 10. HP: 47/68 MP: 15/17
  9124 | D:8      | Found Xaell's Distillery.
  9167 | D:8      | Identified the +3 war axe "Ompie" {drain, rC- Will+++ Str-3
                  | Dex+8}
  9199 | D:8      | Reached skill level 5 in Spellcasting
  9881 | D:9      | Reached skill level 1 in Shields
 10051 | D:9      | Found a stormy altar of Qazlal.
 10051 | D:9      | Found an ancient bone altar of Kikubaaqudgha.
 10052 | D:9      | Found a hide-covered altar of Uskayaw.
 10109 | D:9      | Found a staircase to the Orcish Mines.
 10422 | D:10     | Entered Level 10 of the Dungeon
 10538 | D:10     | HP: 1/69 [troll (10)]
 10685 | D:10     | Noticed a death yak
 10866 | D:10     | Found Pohylotz's Antique Weapon Shop.
 11187 | D:10     | Paralysed by a hornet for 1 turns
 11365 | D:10     | Noticed a death yak
 11370 | D:10     | Found a staircase to the Lair.
 11373 | D:10     | Noticed a death yak
 11402 | D:9      | Killed a death yak
 11403 | D:9      | Reached skill level 1 in Throwing
 11677 | D:6      | Bought a runed buckler for 180 gold pieces
 12101 | D:9      | Killed a death yak
 12102 | D:9      | Reached XP level 11. HP: 38/75 MP: 17/19
 12476 | D:10     | Reached skill level 5 in Conjurations
 12574 | D:10     | Killed a death yak
 12575 | D:10     | Reached skill level 7 in Long Blades
 12701 | D:6      | Bought the ring of Yraubi {rPois Str+3 Dex+3} for 554 gold
                  | pieces
 12903 | Lair:1   | Entered Level 1 of the Lair of Beasts
 13039 | Lair:1   | Reached skill level 1 in Transmutations
 13047 | Lair:1   | Reached skill level 5 in Fire Magic
 13305 | Lair:1   | Learned a level 1 spell: Apportation
 14010 | Lair:2   | You fall into a shaft and drop 1 floor!
 14010 | Lair:3   | Noticed a four-headed hydra
 14012 | Lair:3   | Identified the +7 trident "Ogrebane" {heavy, Dex+5}
 14102 | Lair:2   | Noticed a seven-headed hydra
 14135 | Lair:2   | Reached XP level 12. HP: 82/82 MP: 21/21
 14335 | Lair:2   | Noticed a skyshark
 14525 | Lair:2   | Reached skill level 8 in Long Blades
 14603 | Lair:2   | Reached skill level 1 in Translocations
 14796 | Lair:2   | Learned a level 2 spell: Searing Ray
 15092 | D:5      | Bought a potion of invisibility for 104 gold pieces
 15183 | Orc:1    | Entered Level 1 of the Orcish Mines
 15440 | D:4      | Bought the ring "Uzxedide" {rC+ Will+ MP+9 Str-3} for 466
                  | gold pieces
 15901 | Orc:1    | Paralysed by an orc sorcerer for 4 turns
 16589 | D:4      | Bought the ring of the Catamount {Contam rF++ Will+} for
                  | 614 gold pieces
 17345 | Lair:3   | Found a staircase to the Shoals.
 17477 | Lair:3   | Found a staircase to the Snake Pit.
 17498 | Lair:3   | Reached skill level 5 in Shields
 17506 | Lair:3   | Learned a level 5 spell: Irradiate
 17788 | Lair:3   | Reached skill level 9 in Long Blades
 17791 | Lair:3   | Reached XP level 13. HP: 89/89 MP: 23/23
 18547 | D:11     | Noticed Harold
 18608 | D:11     | Noticed Urug
 18626 | D:11     | Killed Urug
 18629 | D:11     | Killed Harold
 18687 | D:11     | Found a frozen archway.
 18701 | IceCv    | Entered an ice cave
 18847 | IceCv    | Reached skill level 10 in Long Blades
 19110 | IceCv    | Reached skill level 5 in Transmutations
 20022 | D:4      | Bought a +4 ring of slaying for 1092 gold pieces
 20666 | D:12     | Found a glowing golden altar of the Shining One.
 20667 | D:12     | Noticed an apis
 20994 | D:5      | Bought 2 potions of heal wounds for 130 gold pieces
 21367 | D:12     | Reached XP level 14. HP: 87/97 MP: 26/26
 21478 | D:12     | Found a runed translucent gate.
 21479 | D:12     | Found a runed translucent gate.
 21479 | D:12     | Found an opulent altar of Gozag.
 21480 | D:12     | Found a runed translucent gate.
 21481 | D:12     | Noticed Pimp's ghost (journeyman DjFE)
 21482 | D:12     | Found Utwokab's Assorted Antiques.
 21484 | D:12     | Found Xicsoted's Assorted Antiques.
 22120 | D:12     | Learned a level 5 spell: Freezing Cloud
 22402 | D:6      | Bought an ancient spear for 152 gold pieces
 22402 | D:6      | Identified the +0 spear "Plog" {flame, Will+} (You bought
                  | it in a shop on level 6 of the Dungeon)
 22789 | D:12     | Killed an apis
 22790 | D:12     | Reached skill level 1 in Ice Magic
 22909 | D:12     | Reached skill level 1 in Earth Magic
 22918 | D:12     | Killed Pimp's ghost
 23106 | Lair:2   | Reached skill level 11 in Long Blades
 23693 | Lair:3   | Reached skill level 1 in Air Magic
 24170 | Lair:3   | Identified the +8 long sword "Cookie Cutter" {drain, rElec
                  | Dex+2 Stlth+}
 24188 | Lair:3   | Identified the +0 trident of Royalism {pain, Fly rPois}
 24416 | Lair:4   | Found a glowing golden altar of the Shining One.
 24900 | Lair:4   | Reached skill level 10 in Fighting
 25017 | Lair:4   | Found a viscous altar of Jiyva.
 25019 | Lair:4   | Found a staircase to the Slime Pits.
 25111 | Lair:5   | Entered Level 5 of the Lair of Beasts
 25112 | Lair:5   | Identified the +10 quarterstaff "Faotoit" {venom, Will+
                  | Int+4 Stlth-}
 25330 | Lair:5   | Reached skill level 10 in Dodging
 25392 | Lair:5   | Reached XP level 15. HP: 103/103 MP: 28/28
 25853 | Lair:5   | Learned a level 6 spell: Statue Form
 25858 | Lair:5   | Learned a level 4 spell: Summon Lightning Spire
 27107 | Orc:2    | Entered Level 2 of the Orcish Mines
 27108 | Orc:2    | Found a dark tunnel.
 27187 | Volcano  | Entered a volcano
 27405 | Volcano  | Found a bloodstained altar of Trog.
 27666 | Volcano  | Found a bloodstained altar of Trog.
 27736 | Orc:2    | Noticed Saint Roka
 27747 | Orc:2    | Killed from afar by Saint Roka

Illustrated notes

Levels and vault maps discovered:
D:1:      eino_arrival_water_cross, layout_loops_ring,
          hellmonk_ecumenical_altar_blasted
D:2:      layout_basic, minivault_24, uniq_robin
D:3:      layout_loops_ring
D:4:      layout_loops_ring, dreamdust_mushroom_princess,
          kennysheep_generic_room_12, uniq_menkaure, uniq_natasha
D:5:      layout_loops_cross, lemuel_doored_altar,
          minmay_temple_entry_crystal_x, serial_shops, nicolae_diamond_shop,
          minmay_strange_pillars, small_statue_intersection, amethyst_killhole,
          uniq_ijyb
D:6:      cheibrodos_quashed, layout_loops_corners,
          mainiacjoe_overflow_alcove_2, elyvilon_altar_5,
          hellmonk_ghost_happy_afterlife, serial_shops, shop, shop, shop,
          nicolae_shop_back_alley_shop, gup_sewer_entry_pipe,
          minmay_misc_feat_nine_boxes, kennysheep_donut, st_stairs_10
D:7:      layout_basic, kennysheep_orc_sif_temple, ebering_ghost_disaster_area,
          nicolae_ossuary_entry_monument, uniq_joseph
D:8:      layout_basic, serial_shops, nicolae_shop_tiny_waterfront,
          serial_glass, glass_columns_a, glass_columns_a, glass_columns_b,
          glass_columns_b, glass_columns_c, glass_columns_a, glass_columns_b,
          glass_columns_c, glass_columns_a, glass_columns_a, glass_columns_b,
          glass_columns_a, glass_columns_c, glass_columns_a,
          minmay_chambers_of_fives
D:9:      layout_irregular_city, chequers_temple_overflow_statue_of_worship,
          orc_0_dummy
D:10:     layout_layer_cave, dpeg_lair_monsters, serial_shops, shop
D:11:     layout_loops_corners, portal_ice_cave_rime, uniq_urug, uniq_harold
D:12:     dreamdust_under_siege, layout_irregular_city, ebering_ghost_gozag
Temple:   hellmonk_temple_divided_pantheon
Lair:1:   layout_chaotic_city, grunt_megastairs_5
Lair:2:   layout_regular_city, gammafunk_lair_bear_cave
Lair:3:   nzn_winding_woodlands_huge [nzn_winding_woodlands_5x15_crooked,
          nzn_winding_woodlands_5x15_river_crossing,
          nzn_winding_woodlands_5x15_concentric,
          nzn_winding_woodlands_5x15_split_checker,
          nzn_winding_woodlands_5x15_pockets,
          nzn_winding_woodlands_5x15_pathside_ponds,
          nzn_winding_woodlands_5x15_zeroes, nzn_winding_woodlands_5x15_default,
          nzn_winding_woodlands_5x15_sidewinder,
          nzn_winding_woodlands_5x15_garden,
          nzn_winding_woodlands_center_diamonds,
          nzn_winding_woodlands_center_triple_pond,
          nzn_winding_woodlands_15x15_five_gardens], layout_regular_city,
          nicolae_snake_entry_warm_welcome, nicolae_lair_lil_pond
Lair:4:   layout_gridlike, slime_entry_1, basic_altar, minivault_11
Lair:5:   guppyfry_lair_end_dragon, layout_regular_city,
          hangedman_lair_caniforms_friends, lemuel_fruit_fields
Orc:1:    layout_caves, nicolae_orc_stony_grotto, nooodl_orcs_dogs
Orc:2:    st_orc_rangers, layout_caves, enter_volcano_1, uniq_saint_roka

Skill      XL: |  1  2  3  4  5  6  7  8  9 10 11 12 13 14 15 |
---------------+----------------------------------------------+-----
Stealth        | 7 8 |  8.0
Spellcasting   | 1 2 3 4 5 6 7 8 9 |  9.3
Long Blades    | 3 4 6 7 9 10 11 | 11.6
Conjurations   | 1 2 3 4 5 6 7 |  7.9
Fire Magic     | 1 2 3 4 5 6 7 |  7.4
Short Blades   | 1 2 4 5 6 |  6.2
Fighting       | 4 6 7 8 9 10 | 10.4
Dodging        | 3 4 5 6 7 8 9 10 | 10.4
Shields        | 2 4 5 6 |  6.0
Throwing       | 1 2 3 |  3.3
Transmutations | 2 4 5 6 7 |  7.3
Translocations | 1 2 |  2.0
Ice Magic      | 3 4 |  4.4
Earth Magic    | 2 3 |  3.6
Air Magic      | 2 3 |  3.7

Action                     |  1- 3 |  4- 6 |  7- 9 | 10-12 | 13-15 || total
---------------------------+-------+-------+-------+-------+-------++-------
  Melee: Falchion          |    18 |    59 |       |       |       ||    77
         Tentacles         |     5 |    25 |    79 |   120 |   203 ||   432
         Constrict         |     3 |    27 |    56 |    84 |    96 ||   266
         Dagger            |       |    65 |   251 |   163 |   139 ||   618
         Punch             |       |     2 |     4 |     4 |     8 ||    18
         Long sword        |       |       |    31 |   249 |   530 ||   810
  Throw: Dart              |       |       |     6 |    41 |    37 ||    84
         Javelin           |       |       |       |       |     8 ||     8
   Cast: Sticky Flame      |       |       |     4 |    73 |   147 ||   224
         Apportation       |       |       |       |    12 |    49 ||    61
         Irradiate         |       |       |       |       |    20 ||    20
         Freezing Cloud    |       |       |       |       |    15 ||    15
         Searing Ray       |       |       |       |       |     2 ||     2
         Statue Form       |       |       |       |       |     1 ||     1
 Invoke: Call Merchant     |       |       |     1 |       |     2 ||     3
  Evoke: Wand              |       |       |     2 |     2 |     1 ||     5
    Use: Scroll            |     1 |       |    10 |    13 |     7 ||    31
         Potion            |       |       |     4 |       |     8 ||    12
   Stab: Sleeping          |     4 |    28 |    52 |    35 |    27 ||   146
         Distracted        |       |     2 |     3 |     2 |     9 ||    16
 Armour: Skin              |       |     3 |    16 |    62 |    97 ||   178
  Dodge: Dodged            |     9 |    60 |   112 |   329 |   450 ||   960
  Block: Buckler           |       |       |       |    98 |   270 ||   368
         Reflection        |       |       |       |     1 |     4 ||     5

Table legend: (Time is in decaauts)
 A = Elapsed time spent in this place.
 B = Non-inter-level travel time spent in this place.
 C = Inter-level travel time spent in this place.
 D = Time resting spent in this place.
 E = Time spent auto-exploring this place.
 F = Levels seen in this place.
 G = Mean time per level.
                   A        B        C        D        E       F      G
               +--------+--------+--------+--------+--------+-----+--------+
         Total |  27535 |  24098 |   3437 |   4316 |   6563 |  24 | 1147.3 |
       Dungeon |  16168 |  13178 |   2990 |   1653 |   4291 |  12 | 1347.3 |
        Temple |     43 |     43 |      0 |      0 |      0 |   1 |   43.0 |
          Lair |   7635 |   7214 |    421 |   1769 |   1661 |   5 | 1527.0 |
  Orcish Mines |   1203 |   1178 |     25 |    276 |    403 |   2 |  601.5 |
         Sewer |    608 |    608 |      0 |    103 |    109 |   1 |  608.0 |
       Ossuary |    384 |    384 |      0 |     84 |      0 |   1 |  384.0 |
      Ice Cave |    957 |    957 |      0 |    252 |     91 |   1 |  957.0 |
       Volcano |    534 |    534 |      0 |    178 |      8 |   1 |  534.0 |
               +--------+--------+--------+--------+--------+-----+--------+

Top non-repeatable levels by time:
  Lair:3: 2925 daAuts
    D:10: 2034 daAuts
     D:6: 1960 daAuts
     D:4: 1898 daAuts
     D:9: 1642 daAuts
  Lair:5: 1626 daAuts
    D:12: 1423 daAuts
    D:11: 1349 daAuts
     D:7: 1242 daAuts
  Lair:2: 1174 daAuts
     D:8: 1170 daAuts
  Lair:1: 1155 daAuts
     D:5: 1101 daAuts
   Orc:1: 1100 daAuts
   IceCv: 957 daAuts
